 Dungeon Crawl Stone Soup version 0.30-a0-778-g2ef04afb54 (webtiles) character file.

Game seed: 8068231025524152875

23 scionoferis the Vexing (level 2, 0/23 HPs)
             Began as a Demigod Hexslinger on Feb 16, 2023.
             Slain by an adder (2 damage)
             ... on level 2 of the Dungeon.
             The game lasted 00:01:33 (785 turns).

scionoferis the Vexing (Demigod Hexslinger)          Turns: 785, Time: 00:01:33

Health: 0/23       AC:  2    Str: 11    XL:     2   Next: 57%
Magic:  0/5        EV: 12    Int: 15    God:
Gold:   69         SH:  0    Dex: 14    Spells: 2/3 levels left

rFire   . . .      SeeInvis .    f - +0 short sword
rCold   . . .      Faith    .    (no shield)
rNeg    . . .      Spirit   .    c - +0 robe
rPois   .          Reflect  .    (no helmet)
rElec   .          Harm     .    (no cloak)
rCorr   .          Rampage  .    (no gloves)
Will    .....                    (no boots)
Stlth   ++                       (no amulet)
HPRegen 0.23/turn                (no ring)
MPRegen 0.09/turn                (no ring)

@: brilliant
A: high MP 1, forlorn, divine attributes
a: no special abilities


You were on level 2 of the Dungeon.
You visited 1 branch of the dungeon, and saw 2 of its levels.

You collected 69 gold pieces.


Innate Abilities, Weirdness & Mutations

You have an increased reservoir of magic. (+10% MP)
You shall have no god before yourself.
Your divine heritage dramatically boosts your attributes as you level up.


   Skills:
 + Level 1.4 Fighting
 - Level 1.7 Ranged Weapons
 * Level 2.5 Dodging
 + Level 1.0 Stealth
 - Level 1.0 Spellcasting
 - Level 2.6 Hexes


You had 2 spell levels left.
You knew the following spells:

 Your Spells              Type           Power      Damage    Failure   Level
a - Slow                  Hex            52%        N/A       9%          1

Your spell library contained the following spells:

 Spells                   Type           Power      Damage    Failure   Level
 Inner Flame              Hex/Fire       7%         N/A       38%         3
 Portal Projectile        Hex/Tloc       14%        N/A       38%         3
 Cause Fear               Hex            6%         N/A       63%         4

Inventory:

Hand Weapons
 a - a +1 sling
 f - a +0 short sword (weapon)
   (You found it on level 1 of the Dungeon)
Missiles
 d - 9 poisoned darts
Armour
 c - a +0 robe (worn)
Scrolls
 b - 2 scrolls of poison
 e - 3 scrolls of noise {unknown}
 g - a scroll of fog {unknown}

Dungeon Overview and Level Annotations

Branches:
Dungeon (2/15)

.#........
..........
###.#####......#..
#..............#8#.
#.#.... #.........
.......###......##
........##SS....#
#.......##S######
......#.##@#
...........#
#######.#### #.#
#.# #.# ####.####
#.......# #.##.##.#


You could see 2 adders and a ball python.


Message History

Welcome, scionoferis the Demigod Hexslinger.
Will you prevail where others failed? Will you find the Orb of Zot?
Press ? for a list of commands and other information.
Found a staircase leading out of the dungeon.
You now have 17 gold pieces.
Found 5 poisoned darts.
You see here 5 poisoned darts.
d - 5 poisoned darts You open the door.
There is an open door here.
Found a club.
You now have 27 gold pieces (gained 10).
e - 3 scrolls labelled QATSO IH XOEPS A frilled lizard comes into view.
You shoot a sling bullet.
The sling bullet hits the frilled lizard!
You kill the frilled lizard!
No target in view!
No target in view!
Found a short sword.
A bat comes into view.
An endoplasm comes into view.
The endoplasm quivers.
You see here a +0 short sword.
f - a +0 short sword The bat barely misses you.
The endoplasm jiggles.
You shoot a sling bullet. The sling bullet hits the bat.
You kill the bat!
The endoplasm freezes you.
You are frozen.
You shoot a sling bullet. The sling bullet hits the endoplasm.
The endoplasm is moderately wounded.
The endoplasm misses you.
You shoot a sling bullet.
The sling bullet hits the endoplasm but does no damage.
The endoplasm is moderately wounded.
The endoplasm freezes you.
You are frozen.
The endoplasm hits you.
You shoot a sling bullet. The sling bullet hits the endoplasm.
The endoplasm is heavily wounded.
The endoplasm freezes you.
You are frozen.
You shoot a sling bullet. The sling bullet hits the endoplasm.
You kill the endoplasm!
Your Fighting skill increases to level 1!
No target in view!
No target in view!
HP restored.
Found a leather armour.
Found a scale mail.
No target in view!
A quokka and an endoplasm come into view.
You shoot a sling bullet.
The sling bullet closely misses the quokka.
The endoplasm quivers.
You shoot a sling bullet.
The sling bullet hits the quokka but does no damage.
You shoot a sling bullet.
The sling bullet completely misses the quokka.
You shoot a sling bullet.
The sling bullet closely misses the quokka.
The quokka bites you.
You shoot a sling bullet. The sling bullet hits the quokka.
You kill the quokka!
The endoplasm barely misses you.
Your Dodging skill increases to level 2!
You shoot a sling bullet. The sling bullet hits the endoplasm.
You kill the endoplasm!
No target in view!
You now have 40 gold pieces (gained 13).
You open the door.
There is an open door here.
Found a stone staircase leading down.
d - 9 poisoned darts (gained 4)
A ball python comes into view.
The ball python hisses angrily.
You shoot a sling bullet. The sling bullet hits the ball python.
You kill the ball python!
No target in view!
No target in view!
Found a leather armour.
You see here a +0 leather armour.
You open the door.
There is an open door here.
A goblin comes into view. It is wielding a +0 club.
You shoot a sling bullet.
The sling bullet hits the goblin but does no damage.
The goblin shouts!
A kobold comes into view. It is wielding a +0 dagger.
You shoot a sling bullet.
The sling bullet closely misses the goblin.
You shoot a sling bullet. The sling bullet hits the goblin.
The goblin is severely wounded.
The goblin hits you but does no damage. x2
You shoot a sling bullet.
The sling bullet closely misses the goblin.
The goblin hits you with a +0 club.
You shoot a sling bullet. The sling bullet hits the goblin.
You kill the goblin!
You shoot a sling bullet. The sling bullet hits the kobold.
You kill the kobold!
No target in view!
No target in view!
g - a scroll labelled NOMIQI XA REU
h - a red potion You open the door.
There is an open door here.
A ball python comes into view.
The ball python hisses angrily.
The ball python moves out of view.
You shoot a sling bullet.
The sling bullet closely misses the ball python.
You shoot a sling bullet. The sling bullet hits the ball python.
The ball python is severely wounded.
The ball python misses you. The ball python grabs you.
The ball python constricts you. The ball python closely misses you.
The ball python constricts you.
You shoot a sling bullet.
The sling bullet hits the ball python but does no damage.
The ball python is severely wounded.
The ball python barely misses you. The ball python constricts you.
The ball python bites you. The ball python constricts you.
You shoot a sling bullet.
The sling bullet barely misses the ball python.
The ball python bites you but does no damage.
The ball python constricts you.
You shoot a sling bullet. The sling bullet hits the ball python!
You kill the ball python!
No target in view!
You see here a ball python corpse.
As you open the door, it creaks loudly!
Found a leather armour.
There is an open door here.
There is an open door here.
Found a dagger.
No target in view!
You see here a ball python corpse.
A goblin comes into view. It is wielding a +0 club.
You shoot a sling bullet. The sling bullet hits the goblin!
You kill the goblin!
You have reached level 2!
Found an escape hatch in the floor.
A rat comes into view.
You shoot a sling bullet. The sling bullet hits the rat!
You kill the rat!
No target in view!
You now have 44 gold pieces (gained 4).
You see here a +0 club.
There is an open door here.
There is an open door here.
There is an open door here.
Found a stone staircase leading down.
An endoplasm comes into view.
You shoot a sling bullet. The sling bullet hits the endoplasm.
The endoplasm quivers.
The endoplasm is severely wounded.
You shoot a sling bullet. The sling bullet hits the endoplasm.
You kill the endoplasm!
No target in view!
No target in view!
Unknown command.
Found a dagger.
You see here a +0 dagger.
A quokka comes into view.
You shoot a sling bullet. The sling bullet hits the quokka.
The quokka is heavily wounded.
You shoot a sling bullet. The sling bullet hits the quokka.
The quokka is almost dead.
You shoot a sling bullet.
The sling bullet hits the quokka but does no damage.
The quokka is almost dead.
You shoot a sling bullet. The sling bullet hits the quokka.
You kill the quokka!
There is an open door here.
You see here a +0 club.
A dart slug comes into view.
Found 12 gold pieces.
You shoot a sling bullet. The sling bullet hits the dart slug.
The dart slug is severely wounded.
You hear a shout!
You shoot a sling bullet. The sling bullet hits the dart slug.
You kill the dart slug!
A goblin comes into view. It is wielding a +0 club.
The goblin moves out of view.
No target in view!
Found a robe.
A goblin is nearby!
You shoot a sling bullet.
The sling bullet barely misses the goblin.
The goblin barely misses you.
You shoot a sling bullet.
The sling bullet barely misses the goblin.
The goblin barely misses you.
You shoot a sling bullet. The sling bullet hits the goblin.
You kill the goblin!
You hear a shout!
No target in view!
No target in view!
A goblin comes into view. It is wielding a +0 dagger.
You shoot a sling bullet.
The sling bullet closely misses the goblin.
You shoot a sling bullet.
The sling bullet barely misses the goblin.
You shoot a sling bullet. The sling bullet hits the goblin.
The goblin is moderately wounded.
You shoot a sling bullet. The sling bullet hits the goblin.
The goblin is heavily wounded.
The goblin barely misses you.
You shoot a sling bullet. The sling bullet hits the goblin.
The goblin is severely wounded.
The goblin hits you with a +0 dagger.
You shoot a sling bullet.
The sling bullet closely misses the goblin.
The goblin hits you but does no damage.
You shoot a sling bullet.
The sling bullet hits the goblin but does no damage.
The goblin is severely wounded.
The goblin hits you with a +0 dagger. x2
You shoot a sling bullet.
The sling bullet closely misses the goblin.
The goblin barely misses you.
You shoot a sling bullet. The sling bullet hits the goblin!
You kill the goblin!
No target in view!
No target in view!
You see here a +0 dagger.
You now have 56 gold pieces (gained 12).
Found 6 stones.
You now have 61 gold pieces (gained 5).
You see here a +0 club.
You see here a +0 club.
A rat comes into view.
Found a stone staircase leading down.
A rat is nearby!
You shoot a sling bullet. The sling bullet hits the rat.
You kill the rat!
No target in view!
No target in view!
Done exploring.
Done exploring.
There is a stone staircase leading down here.
Search for what [? for help]? d: Search for what [Enter for "d:", or ? for help]?
Unknown command.
You climb downwards.
Found a scroll of poison and 8 gold pieces.
There is a stone staircase leading up here.
A dart slug comes into view.
You shoot a sling bullet. The sling bullet hits the dart slug.
The dart slug is moderately wounded.
You shoot a sling bullet. The sling bullet hits the dart slug.
The dart slug is heavily wounded.
You shoot a sling bullet. The sling bullet hits the dart slug.
The dart slug is severely wounded.
You shoot a sling bullet. The sling bullet hits the dart slug!
You kill the dart slug!
Your Stealth skill increases to level 1!
You now have 69 gold pieces (gained 8).
b - 2 scrolls of poison (gained 1)
There is a stone staircase leading up here.
A bat comes into view.
You shoot a sling bullet.
The sling bullet hits the bat but does no damage.
No target in view!
No target in view!
No target in view!
A bat is nearby!
You shoot a sling bullet.
The sling bullet closely misses the bat.
The bat hits you but does no damage. The bat closely misses you.
You shoot a sling bullet. The sling bullet misses the bat.
The bat barely misses you.
You shoot a sling bullet. The sling bullet hits the bat!
You kill the bat!
No target in view!
No target in view!
You see here a bat corpse.
An adder comes into view.
Found a cloak.
You shoot a sling bullet. The sling bullet hits the adder.
The adder hisses angrily.
The adder is lightly wounded.
You shoot a sling bullet.
The sling bullet barely misses the adder.
You shoot a sling bullet.
The sling bullet completely misses the adder.
You shoot a sling bullet.
The sling bullet closely misses the adder.
The adder bites you.
You are poisoned.
The adder poisons you!
You shoot a sling bullet. The sling bullet misses the adder.
You feel sick. The adder bites you but does no damage. The adder misses you.
You shoot a sling bullet. The sling bullet hits the adder.
The adder is heavily wounded.
You feel sick. The adder bites you.
You shoot a sling bullet.
The sling bullet barely misses the adder.
You feel sick.
You are no longer poisoned.
The adder bites you. The adder misses you.
You shoot a sling bullet.
The sling bullet closely misses the adder.
The adder barely misses you. The adder misses you.
You shoot a sling bullet.
The sling bullet barely misses the adder.
A ball python comes into view.
The adder closely misses you. The adder completely misses you.
You shoot a sling bullet. The sling bullet misses the adder.
The ball python hisses angrily.
You hear an angry hiss.
The adder closely misses you.
You are now empty-handed.
The adder bites you.
f - a +0 short sword (weapon)
An adder comes into view.
The adder bites you.
The adder hisses angrily.
You hit the adder.
The adder is severely wounded.
The adder barely misses you.
You hit the adder but do no damage.
The adder is severely wounded.
The adder closely misses you.
You barely miss the adder.
The adder is severely wounded.
The adder bites you. The ball python barely misses you.
The ball python closely misses you.
You closely miss the adder.
The adder is severely wounded.
The adder bites you but does no damage. The ball python barely misses you.
The ball python grabs you. The ball python constricts you.
The adder misses you.
You escape the ball python's grasp.
The ball python bites you.
* * * LOW HITPOINT WARNING * * *
The ball python barely misses you. The adder bites you.
* * * LOW HITPOINT WARNING * * *
You see here a bat corpse.
It was a potion of brilliance.
You feel clever all of a sudden.
Casting: Slow (safe; 9% risk of failure)
Confirm with . or Enter, or press ? or * to list all spells.
Aiming: Slow (safe; 9% risk of failure)
Press: ? - help, Shift-Dir - straight line, f - adder, p - adder
Aim: an adder (chance to affect: 55%)
You feel a surge of power!
The adder resists with significant effort.
The adder completely misses you.
Casting: Slow (safe; 9% risk of failure)
Confirm with . or Enter, or press ? or * to list all spells.
Aiming: Slow (safe; 9% risk of failure)
Press: ? - help, Shift-Dir - straight line, f/p - adder
Aim: an adder (chance to affect: 55%)
You feel a surge of power!
The adder resists with significant effort.
The adder bites you.
* * * LOW HITPOINT WARNING * * *
The adder closely misses you.
Casting: Slow (safe; 9% risk of failure)
Confirm with . or Enter, or press ? or * to list all spells.
Aiming: Slow (safe; 9% risk of failure)
Press: ? - help, Shift-Dir - straight line, f/p - adder
Aim: an adder (chance to affect: 55%)
You feel a surge of power!
The adder resists with significant effort.
The adder completely misses you.
Casting: Slow (safe; 9% risk of failure)
Confirm with . or Enter, or press ? or * to list all spells.
Aiming: Slow (safe; 9% risk of failure)
Press: ? - help, Shift-Dir - straight line, f/p - adder
Aim: an adder (chance to affect: 55%)
You feel a surge of power!
The adder resists with significant effort.
The adder closely misses you.
Casting: Slow (safe; 9% risk of failure)
Confirm with . or Enter, or press ? or * to list all spells.
Aiming: Slow (safe; 9% risk of failure)
Press: ? - help, Shift-Dir - straight line, f/p - adder
Aim: an adder (chance to affect: 55%)
You feel a surge of power!
The adder resists with significant effort.
The adder bites you.
You die...

Skill      XL: |  1  2 |
---------------+-------+-----
Fighting       | 1 |  1.4
Dodging        | 2 |  2.5
Stealth        | 1 |  1.0
Ranged Weapons | |  1.7
Spellcasting   | |  1.0
Hexes          | |  2.6

Action                     || total
---------------------------++-------
  Melee: Short sword       ||     4
   Fire: Sling             ||    65
   Cast: Slow              ||     5
    Use: Potion            ||     1
 Armour: Robe              ||     7
  Dodge: Dodged            ||    30

Levels and vault maps discovered:
D:1:      matt_arrival_refuge, layout_basic
D:2:      layout_loops_cross, hellmonk_ecumenical_altar_zigzags,
          minmay_misc_feat_square, minmay_stone_trees_small,
          minmay_tree_intersection, kennysheep_decorative_pillar, minmay_cut_off

Notes
Turn   | Place    | Note
-------+----------+-------------------------------------------
     0 | D:1      | scionoferis the Demigod Hexslinger began the quest for the
                  | Orb.
     0 | D:1      | Reached XP level 1. HP: 15/15 MP: 4/4
    82 | D:1      | Reached skill level 1 in Fighting
   133 | D:1      | Reached skill level 2 in Dodging
   378 | D:1      | Reached XP level 2. HP: 23/23 MP: 5/5
   710 | D:2      | Reached skill level 1 in Stealth
   782 | D:2      | HP: 1/23 [adder (3)]
   785 | D:2      | Slain by an adder

Vanquished Creatures
  2 dart slugs (D:1 D:2)
  2 bats (D:1 D:2)
  3 endoplasms (D:1)
  4 goblins (D:1)
  2 quokkas (D:1)
  2 ball pythons (D:1)
  A frilled lizard (D:1)
  A kobold (D:1)
  2 rats (D:1)
19 creatures vanquished.

Table legend: (Time is in decaauts)
 A = Elapsed time spent in this place.
 B = Non-inter-level travel time spent in this place.
 C = Inter-level travel time spent in this place.
 D = Time resting spent in this place.
 E = Time spent auto-exploring this place.
 F = Levels seen in this place.
 G = Mean time per level.
                   A        B        C        D        E       F      G
               +--------+--------+--------+--------+--------+-----+--------+
         Total |    804 |    802 |      2 |      0 |    653 |   2 |  402.0 |
       Dungeon |    804 |    802 |      2 |      0 |    653 |   2 |  402.0 |
               +--------+--------+--------+--------+--------+-----+--------+

Top non-repeatable levels by time:
     D:1: 719 daAuts
     D:2: 85 daAuts

Table legend:
 A = Non-vault XP
 B = Vault XP
 C = Vault XP percentage of total XP
 D = Non-vault monster count
 E = Vault monster count
 F = Vault count percentage of total count
                 A         B        C        D         E       F
            +---------+---------+-------+---------+---------+-------
      Total |      34 |       0 |   0.0 |      19 |       0 |   0.0
            +---------+---------+-------+---------+---------+-------
        D:1 |      29 |       0 |   0.0 |      17 |       0 |   0.0
        D:2 |       5 |       0 |   0.0 |       2 |       0 |   0.0
            +---------+---------+-------+---------+---------+-------
